 Dungeon Crawl Stone Soup version 0.24.1-11-gbbbb2193e6 (webtiles) character file.

Game seed: 10593750605399935649, levelgen mode: deterministic

16804 Amplified the Cleaver (level 12, -14/116 HPs)
             Began as a Hill Orc Chaos Knight on May 10, 2020.
             Was a Plaything of Xom.
             Hit by a large rock thrown by a stone giant (19 damage)
             ... on level 2 of the Orcish Mines.
             The game lasted 00:24:23 (11582 turns).

Amplified the Cleaver (Hill Orc Chaos Knight)      Turns: 11582, Time: 00:24:24

Health: -14/116    AC: 19    Str: 20    XL:     12   Next: 41%
Magic:  13/13      EV:  9    Int: 12    God:    Xom [......]
Gold:   860        SH: 17    Dex: 10    Spells: 9/11 levels left

rFire    x . .     SeeInvis +   l - +2 broad axe
rCold    + . .     Gourm    .   e - +5 shield
rNeg     . . .     Faith    .   F - +3 chain mail {rPois}
rPois    +         Spirit   .   (no helmet)
rElec    .         Reflect  .   (no cloak)
rCorr    .         Harm     .   q - +2 pair of gloves
MR       .....                  D - +1 pair of boots {Stlth+}
Stlth    ..........             (no amulet)
HPRegen  0.29/turn              k - ring of see invisible
MPRegen  0.13/turn              b - ring of ice

@: very slightly contaminated, lightly drained
A: rugged brown scales 1, deterioration 1, high mp 1, mutation resistance 2,
screaming 1, shaggy fur 1, wild magic 1, MP-powered wands
a: Renounce Religion


You were on level 2 of the Orcish Mines.
You worshipped Xom.
You were a very special plaything of Xom.
You were not hungry.

You visited 2 branches of the dungeon, and saw 14 of its levels.
You visited the Abyss 1 time.

You collected 1146 gold pieces.
You spent 286 gold pieces at shops.

Inventory:

Hand Weapons
 l - a +2 broad axe (weapon)
 o - the +7 dagger of Premature Burial {flame, rPois Stlth+}
   (You found it on level 8 of the Dungeon)

   It has been specially enchanted to burn those struck by it, causing extra
   injury to most foes and up to half again as much damage against particularly
   susceptible opponents.
   It protects you from poison.
   It makes you more stealthy.
 u - a +0 antimagic broad axe
Missiles
 i - 60 poisoned darts
 s - 4 curare-tipped darts (quivered)
Armour
 e - a +5 shield (worn)
 q - a +2 pair of gloves (worn)
 D - a +1 pair of boots of stealth (worn)
 F - a +3 chain mail of poison resistance (worn)
 G - a +3 plate armour of cold resistance
Jewellery
 b - a ring of ice (right hand)
 k - a ring of see invisible (left hand)
 y - an uncursed ring of resist corrosion
Wands
 p - a wand of flame (19)
 r - a wand of enslavement (11)
 t - a wand of polymorph (15)
 v - a wand of paralysis (7)
 w - a wand of acid (1)
 z - a wand of random effects (11)
Scrolls
 a - 4 scrolls of amnesia
 f - 4 scrolls of remove curse
 x - 4 scrolls of teleportation
Potions
 d - a potion of flight
 h - 2 potions of magic
 A - a potion of brilliance
 C - a potion of mutation
Miscellaneous
 E - a phantom mirror
Comestibles
 c - 18 rations


   Skills:
 * Level 12.9(12.7) Fighting
 * Level 14.0(13.7) Axes
 + Level 4.5(4.2) Armour
 - Level 5.6(5.4) Dodging
 * Level 11.4(11.1) Shields


You had 9 spell levels left.
You knew the following spells:

 Your Spells              Type           Power        Failure   Level  Hunger
a - Blink                 Tloc           N/A          100%        2    ###....

Your spell library contained the following spells:

 Spells                   Type           Power        Failure   Level  Hunger
 Magic Dart               Conj           #...         99%         1    ##.....
 Call Imp                 Summ           #.......     100%        2    ###....
 Slow                     Hex            #.......     100%        2    ###....
 Conjure Flame            Conj/Fire      #.......     100%        3    ####...
 Mephitic Cloud           Conj/Pois/Air  #.......     100%        3    ####...
 Malign Gateway           Summ/Tloc      #.........   100%        7    #######
 Monstrous Menagerie      Summ           #.........   100%        7    #######
 Summon Greater Demon     Summ           #.........   100%        7    #######
 Summon Horrible Things   Summ           #.........   100%        8    #######


Dungeon Overview and Level Annotations

Branches:
Dungeon (12/15)            Temple (0/1) D:4            Lair (0/6) D:11
    Orc (2/2) D:10            Elf (0/3) Orc:2

Altars:
Cheibriados
Fedhas
Gozag
Qazlal
Sif Muna
Trog
Xom
Beogh

Shops:
D:9 *   D:10 =

Annotations:
D:6 1 runed translucent door, kalodont's ghost, novice KoEn


Innate Abilities, Weirdness & Mutations

You are partially covered in rugged brown scales. (AC +1, +3% HP)
Your body sometimes deteriorates upon taking damage.
You have an increased reservoir of magic. (+10% MP)
You are somewhat resistant to both further mutation and mutation removal.
You occasionally shout uncontrollably at your foes.
You are covered in fur. (AC +1)
Your spells are a little harder to cast, but a little more powerful.
You expend magic power (3 MP) to strengthen your wands.


Message History

Items here: $ )))) [[[ ††† You start to feel less resistant.
The orc knight seems to regain its courage.
Things that are here:
a +0 dagger; a +0 robe; an orc corpse A stone giant comes into view.
The stone giant shouts!
The stone giant throws a large rock.
The large rock hits you but does no damage.
Blink to where?
Press: ? - help, Dir - move target cursor, p - orc knight You are very lightly contaminated with residual magic.
As you read the scroll of blinking, it crumbles to dust.
The stone giant throws a large rock.
The large rock hits you!!!
* * * LOW HITPOINT WARNING * * *
Unknown command.
Your resistance to elements expires.
The stone giant throws a large rock.
The large rock hits you!!
You die...
Xom titters!

.# ##.)## ## #.#
##.#..)####.##
.........†...#...# #
.##..........# ## ## #
##......§..###. ..$ .#
.............#. .#.. .#
.........>....#.....
........................
.........#....$.@.......
... .....##.............
... ... #.............
#.....C........
##.#o....$$.... #
............
.............
......##..#...


You could see a stone giant and an orc knight (fleeing).

Vanquished Creatures
  A yaktaur captain (D:11)
  A hydra (D:11)
  Erica (D:10)
  A centaur warrior (D:11)
  A tengu warrior (D:11)
  An unseen horror (D:11)
  An orc knight (D:11)
  A manticore (D:8)
  An ugly thing (D:11)
  Maurice (D:10)
  Psyche (D:8)
  A kobold demonologist (D:10)
  An efreet (D:11)
  A freezing wraith (D:11)
  3 trolls
  A hornet (D:9)
  A hippogriff (D:9)
  4 yaks (D:10)
  A tarantella (D:10)
  2 wyverns
  A small abomination (Abyss:3)
  A soldier ant (D:9)
  Menkaure (D:6)
  3 water moccasins
  4 black bears
  3 sky beasts
  5 ice beasts
  20 orc warriors
  2 phantoms
  2 centaurs
  8 ogres
  A crocodile (D:10)
  3 big kobolds
  5 bullfrogs
  A gnoll sergeant (D:11)
  A water moccasin zombie (D:10)
  A scorpion (D:8)
  4 centaur zombies
  2 crimson imps
  3 hounds
  A quasit (D:9)
  2 bullfrog skeletons
  A bullfrog zombie (D:9)
  2 centaur skeletons
  3 jellies
  20 orc priests
  A gnoll shaman (D:6)
  Ijyb (D:3)
  An iguana (D:9)
  20 orc wizards
  8 worker ants
  A hound zombie (D:10)
  A hound skeleton (D:7)
  A howler monkey skeleton (D:8)
  2 worker ant zombies
  27 gnolls
  16 adders
  A shadow imp (D:8)
  3 oozes
  4 adder skeletons
  2 worms (D:2)
  2 dart slugs
  3 leopard geckos
  105 orcs
  7 giant cockroaches
  18 goblins
  7 hobgoblins
  10 jackals
  6 quokkas
  10 bats
  7 frilled lizards
  A giant cockroach zombie (D:6)
  A jackal skeleton (D:4)
  19 kobolds
  2 leopard gecko skeletons
  2 quokka skeletons (D:5)
  12 rats
427 creatures vanquished.

Vanquished Creatures (collateral kills)
  A hippogriff (D:10)
  A golden eye (D:10)
  A crimson imp (D:10)
3 creatures vanquished.

Vanquished Creatures (others)
  A hobgoblin (D:3)
1 creature vanquished.

Grand Total: 431 creatures vanquished

Notes
Turn   | Place    | Note
-------+----------+-------------------------------------------
     0 | D:1      | Amplified the Hill Orc Chaos Knight began the quest for the
                  | Orb.
     0 | D:1      | Reached XP level 1. HP: 19/19 MP: 1/1
   143 | D:1      | Reached XP level 2. HP: 21/27 MP: 2/2
   189 | D:1      | XOM: harmless Air miscast
   239 | D:1      | XOM: harmless Tmut miscast
   240 | D:1      | Reached skill level 1 in Dodging
   338 | D:1      | Reached skill level 1 in Shields
   360 | D:1      | Reached XP level 3. HP: 27/33 MP: 3/3
   429 | D:1      | XOM: god gift: 18 gold pieces
   663 | D:1      | XOM is BORED!
   663 | D:1      | XOM: summons 1 hostile demon
   887 | D:2      | Learned a level 2 spell: Blink
   927 | D:2      | Reached XP level 4. HP: 41/41 MP: 4/4
  1045 | D:1      | XOM: scenery: create altars
  1081 | D:1      | XOM: god gift: runed glaive {god gift}
  1131 | D:2      | XOM: give mutations
  1131 | D:2      | Gained mutation: You are somewhat resistant to further
                  | mutation. [Xom's grace]
  1131 | D:2      | Gained mutation: You are covered in fur. (AC +1) [Xom's
                  | grace]
  1173 | D:2      | XOM: god gift: ration
  1210 | D:2      | Reached skill level 5 in Axes
  1217 | D:2      | XOM: give mutations
  1217 | D:2      | Gained mutation: You are covered in thick fur. (AC +2)
                  | [Xom's grace]
  1217 | D:2      | Gained mutation: Your mind is acute. (Int +2) [Xom's grace]
  1217 | D:2      | Gained mutation: You are partially covered in rugged brown
                  | scales. (AC +1, +3% HP) [Xom's grace]
  1217 | D:2      | Gained mutation: You have an increased reservoir of magic.
                  | (+10% MP) [Xom's grace]
  1430 | D:2      | Reached XP level 5. HP: 48/48 MP: 5/5
  1522 | D:2      | XOM: mild Chrm miscast
  1530 | D:2      | XOM: noise
  1676 | D:1      | XOM: harmless Ice miscast
  1710 | D:2      | Noticed a black bear
  1710 | D:2      | a worm changed into a black bear
  1710 | D:2      | XOM: enchant monster (good)
  1711 | D:2      | XOM: harmless Chrm miscast
  1768 | D:2      | XOM: enchant monster (good)
  2124 | D:3      | XOM: confuse monster(s)
  2130 | D:3      | Reached skill level 5 in Fighting
  2230 | D:3      | XOM: scenery: create altars
  2325 | D:3      | Reached XP level 6. HP: 47/57 MP: 6/6
  2330 | D:3      | XOM: medium Hex miscast
  2398 | D:3      | XOM: confusion (+ monsters)
  2508 | D:3      | XOM: harmless Tloc miscast
  2514 | D:2      | Reached skill level 6 in Axes
  2517 | D:2      | XOM: harmless Air miscast
  2659 | D:3      | XOM: summons 3 hostile demons
  2733 | D:3      | Noticed Ijyb
  2824 | D:4      | Found a staircase to the Ecumenical Temple.
  2942 | D:4      | XOM: confuse monster(s)
  3016 | D:4      | XOM: blink monster(s)
  3043 | D:5      | Entered Level 5 of the Dungeon
  3043 | D:5      | XOM: harmless Tmut miscast
  3073 | D:5      | XOM: medium Fire miscast
  3380 | D:5      | Reached XP level 7. HP: 51/63 MP: 7/7
  3401 | D:5      | XOM: silly message
  3789 | D:5      | XOM: mild Chrm miscast
  3810 | D:5      | XOM: confuse monster(s)
  3925 | D:5      | Reached skill level 7 in Axes
  3941 | D:5      | XOM: medium Conj miscast
  4347 | D:4      | XOM: divination: detect items
  4388 | D:3      | Killed Ijyb
  4540 | D:3      | Reached XP level 8. HP: 60/73 MP: 8/8
  4646 | D:2      | XOM: enchant monster (good)
  4712 | D:6      | Reached skill level 5 in Shields
  4715 | D:6      | XOM: noise
  4873 | D:6      | Found a blossoming altar of Fedhas.
  4889 | D:6      | XOM: mild Tloc miscast
  4920 | D:6      | XOM: harmless Hex miscast
  4935 | D:6      | Found a runed translucent door.
  4950 | D:6      | Noticed kalodont's ghost (novice KoEn)
  5180 | D:6      | Reached skill level 8 in Axes
  5356 | D:6      | Noticed Menkaure
  5359 | D:6      | XOM: chaos cloud
  5366 | D:6      | Killed Menkaure
  5519 | D:7      | XOM: smoke on damage
  5845 | D:7      | XOM: give mutations
  5845 | D:7      | Gained mutation: You are somewhat resistant to both further
                  | mutation and mutation removal. [Xom's mischief]
  5845 | D:7      | Gained mutation: You expend magic power (3 MP) to
                  | strengthen your wands. [Xom's mischief]
  5845 | D:7      | Gained mutation: Your spells are a little harder to cast,
                  | but a little more powerful. [Xom's mischief]
  6023 | D:7      | Found a shimmering blue altar of Sif Muna.
  6023 | D:7      | Found a faded altar of an unknown god.
  6028 | D:7      | Found a faded altar of an unknown god.
  6030 | D:7      | Found a stormy altar of Qazlal.
  6031 | D:7      | Found a bloodstained altar of Trog.
  6356 | D:8      | Reached XP level 9. HP: 40/83 MP: 9/9
  6388 | D:8      | XOM: 2-stop teleportation journey
  6389 | D:8      | Noticed Psyche
  6396 | D:8      | Killed Psyche
  6396 | D:8      | Reached skill level 9 in Axes
  6401 | D:8      | Got a slimy dagger
  6455 | D:8      | XOM: chaos cloud
  6541 | D:8      | Noticed a manticore
  6546 | D:8      | XOM: 6-stop teleportation journey
  6721 | D:8      | XOM: summons 3 hostile shadow creatures
  6874 | D:8      | Killed a manticore
  6942 | D:8      | XOM: chaos upgrade
  7152 | D:9      | Identified the +7 dagger of Premature Burial {flame, rPois
                  | Stlth+} (You found it on level 8 of the Dungeon)
  7154 | D:9      | Found a roughly hewn altar of Beogh.
  7182 | D:9      | Reached skill level 10 in Axes
  7202 | D:9      | XOM: swap monsters
  7340 | D:9      | Reached XP level 10. HP: 67/93 MP: 11/11
  7661 | D:9      | XOM: fog
  7671 | D:9      | Reached skill level 10 in Fighting
  7688 | D:9      | Found Zurais's Serpentskin Sales.
  7701 | D:9      | Bought 2 curare-tipped darts for 13 gold pieces
  7701 | D:9      | Bought 5 curare-tipped darts for 33 gold pieces
  7751 | D:9      | XOM: noise
  7755 | D:9      | Reached skill level 11 in Axes
  7790 | D:9      | XOM: medium Tloc miscast
  7790 | D:9      | Cast into level 3 of the Abyss (the capriciousness of Xom)
  7836 | D:9      | Escaped the Abyss
  7859 | D:9      | XOM: harmless Tmut miscast
  7878 | D:9      | XOM: confusion (+ monsters)
  7880 | D:9      | XOM: scenery: 1 doors close
  7950 | D:9      | XOM: blink monster(s)
  8178 | D:9      | XOM: god gift: pair of gloves {god gift}
  8235 | D:10     | Entered Level 10 of the Dungeon
  8257 | D:10     | Reached skill level 5 in Dodging
  8323 | D:10     | Noticed Erica
  8344 | D:10     | Killed Erica
  8344 | D:10     | Reached XP level 11. HP: 72/105 MP: 12/12
  8445 | D:10     | XOM: god gift: scroll of amnesia
  8455 | D:10     | Reached skill level 12 in Axes
  8699 | D:10     | Noticed a cyclops
  8700 | D:10     | a cyclops changed into a tarantella
  8700 | D:10     | XOM: polymorph cyclops -> tarantella
  8733 | D:10     | Noticed Maurice
  8750 | D:10     | Killed Maurice
  8753 | D:10     | XOM: chaos upgrade
  8760 | D:10     | Found Xuloju's Jewellery Shoppe.
  8780 | D:10     | Bought an uncursed ring of resist corrosion for 240 gold
                  | pieces
  8795 | D:10     | XOM: polymorph black bear -> golden eye
  8857 | D:10     | XOM: enchant monster (bad)
  8867 | D:10     | XOM: summons friendly white imp
  8954 | D:10     | Reached skill level 10 in Shields
  9010 | D:10     | XOM: summons friendly ufetubus
  9088 | D:10     | Found a staircase to the Orcish Mines.
  9195 | D:11     | Found a snail-covered altar of Cheibriados.
  9278 | D:11     | Found a staircase to the Lair.
  9286 | D:11     | Noticed an unseen horror
  9295 | D:11     | XOM: god gift: 16 stones
  9296 | D:11     | Killed an unseen horror
  9307 | D:11     | Noticed an eight-headed hydra
  9313 | D:11     | Killed an eight-headed hydra
  9318 | D:11     | Noticed a white ugly thing
  9318 | D:11     | XOM: fake destruction
  9331 | D:11     | Killed a white ugly thing
  9331 | D:11     | Reached skill level 13 in Axes
  9391 | D:11     | XOM: divination: magic mapping
  9478 | D:11     | Found an opulent altar of Gozag.
  9695 | D:11     | Found a blossoming altar of Fedhas.
  9772 | D:11     | Noticed a yaktaur captain
  9773 | D:11     | Noticed a centaur warrior
  9789 | D:11     | Killed a yaktaur captain
  9794 | D:11     | Killed a centaur warrior
  9794 | D:11     | Reached XP level 12. HP: 116/116 MP: 13/13
  9828 | D:11     | XOM: confuse monster(s)
  9834 | D:11     | XOM: silly message
  9886 | D:11     | XOM: cloud trail
  9903 | D:11     | Noticed a tengu warrior
  9920 | D:11     | Killed a tengu warrior
 10306 | D:12     | Noticed a five-headed hydra
 10320 | D:12     | XOM: harmless Tmut miscast
 10340 | D:12     | XOM: potion effect (haste)
 10424 | Orc:1    | Entered Level 1 of the Orcish Mines
 10437 | Orc:1    | XOM: draining
 10827 | Orc:1    | XOM: blink monster(s)
 11073 | Orc:2    | Entered Level 2 of the Orcish Mines
 11086 | Orc:1    | XOM: chaos cloud
 11087 | Orc:1    | Paralysed by you for 5 turns
 11517 | Orc:2    | Found a staircase to the Elven Halls.
 11518 | Orc:2    | XOM: swap monsters
 11518 | Orc:2    | XOM: smoke on damage
 11549 | Orc:2    | XOM: give mutations
 11549 | Orc:2    | Gained mutation: You occasionally shout uncontrollably at
                  | your foes. [Xom's mischief]
 11549 | Orc:2    | Lost mutation: You are covered in thick fur. (AC +2) [Xom's
                  | mischief]
 11549 | Orc:2    | Lost mutation: Your mind is acute. (Int +2) [Xom's
                  | mischief]
 11549 | Orc:2    | Gained mutation: Your body sometimes deteriorates upon
                  | taking damage. [Xom's mischief]
 11561 | Orc:2    | XOM: confusion (+ monsters)
 11574 | Orc:2    | Reached skill level 14 in Axes
 11580 | Orc:2    | Noticed a stone giant
 11581 | Orc:2    | HP: 5/116 [stone giant/large rock (40)]
 11582 | Orc:2    | Hit by a large rock thrown by a stone giant

Levels and vault maps discovered:
D:1:      minmay_arrival_arboretum_small, layout_loops_ring
D:2:      layout_basic
D:3:      layout_loops_ring, first_ration, minmay_crystal_water, uniq_ijyb
D:4:      layout_basic, minmay_temple_entry_arrows
D:5:      layout_basic
D:6:      layout_cave_pools, fedhas_altar_1, ebering_ghost_sewer_d,
          uniq_menkaure
D:7:      layout_gridville, chequers_temple_overflow_minitemple
D:8:      minmay_distorted_concentric_squares, layout_rooms, uniq_psyche
D:9:      layout_roguey [special_room_orc], hangedman_pestilent_swarm,
          guppyfry_shop_venom
D:10:     layout_roguey, david_orc_4, serial_shops, shop, uniq_maurice,
          uniq_erica
D:11:     minmay_the_grid_triangle_9x9_rhombus_thin
          [minmay_the_grid_triangle_9x9_steps,
          minmay_the_grid_triangle_9x9_prize_schism,
          minmay_the_grid_triangle_9x9_corrupted_corridor,
          minmay_the_grid_triangle_9x9_shrine], layout_loops_cross,
          lair_entry_dummy, basic_altar,
          nicolae_gozag_cash_rules_everything_around_me
D:12:     layout_stronghold
Orc:1:    layout_caves
Orc:2:    grunt_orc_tribal_feast, layout_diamond_mine, serial_shops,
          nicolae_shop_temple_entry_statues_fountains, nicolae_shop_stone,
          nicolae_shop_stone, elves_outpost_lemuel

Skill      XL: |  1  2  3  4  5  6  7  8  9 10 11 12 |
---------------+-------------------------------------+-----
Dodging        | 1 2 3 4 5 |  5.6
Fighting       | 4 5 6 8 9 11 12 | 12.9
Shields        | 1 2 3 4 6 7 9 10 11 | 11.4
Axes           | 5 6 7 8 10 11 13 14 | 14.0
Armour         | 3 4 |  4.5

Action                   |  1- 3 |  4- 6 |  7- 9 | 10-12 || total
-------------------------+-------+-------+-------+-------++-------
Melee: Hand axe          |    93 |   318 |    24 |       ||   435
       Broad axe         |       |       |   391 |   624 ||  1015
Throw: Throwing net      |       |     4 |       |       ||     4
       Dart              |       |     7 |    16 |    11 ||    34
Evoke: Wand              |       |       |     8 |    12 ||    20
  Use: Scroll            |     2 |     6 |    17 |    11 ||    36
       Potion            |     1 |     2 |     7 |     8 ||    18
 Stab: Petrified         |       |    13 |       |       ||    13
       Petrifying        |       |     2 |       |       ||     2
       Paralysed         |       |     1 |     2 |       ||     3
       Confused          |       |     1 |       |     5 ||     6
       Distracted        |       |       |       |     1 ||     1
  Eat: Chunk             |       |     9 |    10 |     7 ||    26
       Ration            |       |       |     2 |     2 ||     4
Armor: Leather armour    |    44 |   168 |   124 |    61 ||   397
       Chain mail        |       |       |       |   126 ||   126
Dodge: Dodged            |    41 |   119 |   139 |   163 ||   462
Block: Shield            |    28 |   127 |   226 |   498 ||   879
